 Dungeon Crawl Stone Soup version 0.28.0-47-ge53b351184 (webtiles) character file.

Game seed: 13039113671130242370

4107 Peloso the Carver (level 10, 0/88 HPs)
             Began as a Minotaur Fighter on May 7, 2022.
             Was a Priest of Okawaru.
             Slain by a yak (7 damage)
             ... on level 10 of the Dungeon.
             The game lasted 00:12:57 (10381 turns).

Peloso the Carver (Minotaur Fighter)               Turns: 10381, Time: 00:12:58

Health: 0/88       AC: 10    Str: 23    XL:     10   Next: 6%
Magic:  6/9        EV: 13    Int:  5    God:    Okawaru [***...]
Gold:   381        SH:  7    Dex: 12    Spells: 9/9 levels left

rFire   . . .      SeeInvis .   a - +4 falchion
rCold   + . .      Faith    .   c - +0 buckler
rNeg    . . .      Spirit   .   b - +1 scale mail {rC+}
rPois   .          Reflect  .   (helmet restricted)
rElec   .          Harm     .   (no cloak)
rCorr   .          Rampage  .   (no gloves)
Will    .....                   (no boots)
Stlth   ++........              (no amulet)
HPRegen 0.24/turn               (no ring)
MPRegen 0.11/turn               (no ring)

@: heroic
A: horns 2, retaliatory headbutt
a: Renounce Religion, Heroism


You were on level 10 of the Dungeon.
You worshipped Okawaru.
Okawaru was most pleased with you.
You visited 2 branches of the dungeon, and saw 11 of its levels.

You collected 381 gold pieces.

Inventory:

Hand Weapons
 a - a +4 falchion (weapon)
Armour
 b - a +1 scale mail of cold resistance (worn)
 c - a +0 buckler (worn)
Jewellery
 e - a ring of fire
 E - a ring of protection from cold
 G - an amulet of magic regeneration
 H - an amulet of the acrobat
Wands
 m - a wand of iceblast (7)
 p - a wand of acid (20)
 r - a wand of charming (9)
 F - a wand of mindburst (3)
Scrolls
 h - a scroll of acquirement {unknown}
 i - 3 scrolls of magic mapping
 l - 2 scrolls of blinking
 n - a scroll of holy word {unknown}
 s - a scroll of fog {unknown}
 t - 2 scrolls of teleportation
 w - a scroll of fear {unknown}
 x - a scroll of noise {unknown}
 y - a scroll of torment {unknown}
 B - a scroll of immolation {unknown}
 D - 2 scrolls of identify
Potions
 d - 3 potions of might
 f - a potion of heal wounds
 g - 3 potions of flight
 j - a potion of cancellation
 k - a potion of ambrosia
 o - 5 potions of curing
 q - a potion of degeneration {unknown}
 u - a potion of haste {unknown}
 v - 3 potions of brilliance {unknown}
 z - 3 potions of resistance {unknown}
 A - 3 potions of attraction {unknown}
 C - 2 potions of mutation {unknown}


   Skills:
 + Level 7.6(12.6) Fighting
 + Level 10.9(15.9) Long Blades
 + Level 9.1(14.1) Armour
 + Level 4.5(9.5) Dodging
 + Level 2.3(7.3) Stealth
 + Level 6.8(11.8) Shields
 + Level 1.0 Invocations


You had 9 spell levels left.
You didn't know any spells.
Your spell library contained the following spells:

 Spells                   Type           Power      Damage    Failure   Level
 Apportation              Tloc           0%         N/A       77%         1
 Magic Dart               Conj           0%         1d3       77%         1
 Conjure Flame            Conj/Fire      0%         6-21      98%         3
 Ignite Poison            Fire/Tmut/Pois 0%         N/A       98%         3
 Mephitic Cloud           Conj/Pois/Air  0%         N/A       98%         3
 Ozocubu's Armour         Ice            0%         N/A       98%         3
 Petrify                  Tmut/Erth      0%         N/A       100%        4
 Sticky Flame             Conj/Fire      0%         2d3       100%        4
 Alistair's Intoxication  Tmut/Pois      0%         N/A       100%        5
 Metabolic Englaciation   Hex/Ice        0%         N/A       100%        5
 Statue Form              Tmut/Erth      0%         N/A       100%        6
 Call Imp                 Summ           Unusable   N/A       N/A         2
 Simulacrum               Ice/Necr       Unusable   N/A       N/A         6

Dungeon Overview and Level Annotations

Branches:
Dungeon (10/15)            Temple (1/1) D:4            Lair (0/6) D:8
    Orc (0/2) D:9

Altars:
Ashenzari
Cheibriados
Dithmenos
Elyvilon
Fedhas
Hepliaklqana
Kikubaaqudgha
Makhleb
Okawaru
Qazlal
Ru
Trog
Uskayaw
Vehumet
Wu Jian
Xom
Yredelemnul
Zin
The Shining One

Annotations:
D:8 3 runed translucent doors, crawlogic's ghost, novice MfBe
D:9 1 runed translucent door, Skull's ghost, journeyman GrFi


Innate Abilities, Weirdness & Mutations

You have a pair of horns on your head.
You reflexively headbutt those who attack you in melee.


Message History

You gain the combat prowess of a mighty hero.
The yak misses you.
You slash the yak!
The yak is moderately wounded.
You block the yak's attack. The yak gores you.
You hit the yak. You headbutt the yak.
The yak is heavily wounded.
The yak gores you!
You slash the yak! Your headbutt misses the yak.
The yak is heavily wounded.
The yak gores you but does no damage.
You slash the yak! You headbutt the yak, but do no damage.
The yak is severely wounded.
You block the yak's attack. The yak gores you.
You slash the yak!
The yak is almost dead.
The yak misses you.
You slash the yak!
You kill the yak!
Okawaru accepts your kill. The yak gores you but does no damage.
You hit the yak.
The yak is lightly wounded.
The yak barely misses you. The yak gores you.
* * * LOW HITPOINT WARNING * * *
You closely miss the yak.
The yak is lightly wounded.
You hit the yak.
The yak is lightly wounded.
The yak gores you!
* * * LOW HITPOINT WARNING * * *
You block the yak's attack.
You slash the yak!
The yak is moderately wounded.
The yak gores you!
* * * LOW HITPOINT WARNING * * *
You slash the yak! You headbutt the yak!
The yak is almost dead.
The yak gores you!
You die...

Y.#
##..##########
Y.###.....##
...##.....#
#Y.###.)..##
##Y#
###...######
#YY#
#(........
##Y##
#......##.
#YY#
#....#####
##@## #...##
#..## #...#
##..## #..##
##..## ##.#
##..## ##
##..# #..# #
###..## ####
####.....#
##...


You could see 7 yaks.

Vanquished Creatures
  A wyvern (D:9)
  A wraith (D:8)
  4 yaks (D:10)
  A steam dragon (D:8)
  A water moccasin (D:8)
  2 black bears
  2 hornet zombies
  A sky beast (D:6)
  2 orc warriors
  A necrophage (D:6)
  3 ogres
  A centaur (D:8)
  A kobold brigand (D:8)
  A bullfrog (D:6)
  A scorpion (D:5)
  2 water moccasin zombies (D:5)
  A wyvern skeleton (D:6)
  5 killer bees (D:7)
  11 howler monkeys
  A bullfrog zombie (D:6)
  A centaur zombie (D:4)
  5 hounds
  A centaur skeleton (D:5)
  5 orc priests
  A gnoll shaman (D:5)
  Ijyb (D:3)
  3 iguanas
  3 orc wizards (D:7)
  A scorpion zombie (D:5)
  A hound zombie (D:5)
  A hound skeleton (D:2)
  5 gnolls
  7 adders
  4 white imps
  An ufetubus (D:7)
  An adder skeleton (D:4)
  32 orcs
  5 ball pythons
  9 bats
  9 endoplasms
  3 giant cockroaches
  11 goblins
  7 hobgoblins
  5 jackals (D:1)
  8 kobolds
  3 quokkas
  3 frilled lizards
  5 rats
184 creatures vanquished.

Notes
Turn   | Place    | Note
-------+----------+-------------------------------------------
     0 | D:1      | Peloso the Minotaur Fighter began the quest for the Orb.
     0 | D:1      | Reached XP level 1. HP: 19/19 MP: 0/0
   231 | D:1      | HP: 1/20 [kobold/+0 dagger (2)]
   301 | D:1      | Reached XP level 2. HP: 4/27 MP: 1/1
  1000 | D:1      | Reached XP level 3. HP: 33/33 MP: 2/2
  1382 | D:2      | Reached skill level 3 in Long Blades
  1769 | D:3      | Noticed Ijyb
  1772 | D:3      | Reached XP level 4. HP: 38/40 MP: 3/3
  1774 | D:3      | Killed Ijyb
  2000 | D:3      | Found a faded altar of an unknown god.
  2217 | D:3      | Reached skill level 4 in Long Blades
  2217 | D:3      | Reached skill level 5 in Armour
  2217 | D:3      | Reached skill level 1 in Dodging
  2217 | D:3      | Reached XP level 5. HP: 45/46 MP: 4/4
  2440 | D:4      | Found a staircase to the Ecumenical Temple.
  2451 | Temple   | Entered the Ecumenical Temple
  2683 | Temple   | Became a worshipper of Warmaster Okawaru
  3008 | D:3      | Found a broken altar of Ashenzari.
  3466 | D:5      | Entered Level 5 of the Dungeon
  3466 | D:5      | Noticed a black bear
  3477 | D:5      | Killed a black bear
  3478 | D:5      | Reached XP level 6. HP: 31/53 MP: 5/5
  3661 | D:4      | Reached skill level 5 in Long Blades
  3742 | D:5      | Reached * piety under Okawaru
  3995 | D:5      | Reached skill level 5 in Shields
  4289 | D:5      | Reached XP level 7. HP: 10/60 MP: 6/6
  4634 | D:5      | Reached skill level 1 in Stealth
  4673 | D:5      | Reached skill level 6 in Long Blades
  4849 | D:5      | Reached skill level 5 in Fighting
  5041 | D:5      | Reached skill level 7 in Long Blades
  5247 | D:6      | Reached XP level 8. HP: 58/68 MP: 7/7
  5373 | D:6      | Reached ** piety under Okawaru
  5712 | D:6      | Reached skill level 8 in Long Blades
  6094 | D:7      | Reached skill level 9 in Long Blades
  6167 | D:7      | Reached *** piety under Okawaru
  6168 | D:7      | Reached XP level 9. HP: 67/75 MP: 6/8
  7974 | D:8      | Found a staircase to the Lair.
  8379 | D:8      | Reached skill level 10 in Long Blades
  8563 | D:8      | Found a runed translucent gate.
  8563 | D:8      | Found a runed translucent gate.
  8564 | D:8      | Found a runed translucent gate.
  8566 | D:8      | Noticed crawlogic's ghost (novice MfBe)
  9200 | D:9      | Found a runed translucent door.
  9201 | D:9      | Found a shimmering altar of Xom.
  9201 | D:9      | Noticed Skull's ghost (journeyman GrFi)
  9201 | D:9      | Noticed a +1 flail of chaos
  9857 | D:9      | Found a staircase to the Orcish Mines.
 10080 | D:10     | Entered Level 10 of the Dungeon
 10370 | D:10     | Reached skill level 1 in Invocations
 10370 | D:10     | Reached XP level 10. HP: 40/86 MP: 7/9
 10381 | D:10     | Slain by a yak

Illustrated notes

Levels and vault maps discovered:
D:1:      minmay_arrival_up_and_down, layout_basic
D:2:      layout_rooms
D:3:      layout_rooms, nicolae_overflow_ecumenical_swirl, uniq_ijyb
D:4:      layout_loops_cross, minmay_temple_entry_stoned_glass
D:5:      minmay_angry_zag, layout_gridville
D:6:      layout_basic, grunt_tough_drop
D:7:      layout_gridville
D:8:      layout_basic, lair_entry_dummy, gammafunk_ghost_spectres
D:9:      layout_cave_pods, hiddenorc1_lemuel, ebering_ghost_xom,
          chequers_avenue
D:10:     layout_layer_cave, serial_shops, nicolae_square_shop,
          chequers_serial_rivers_large_b
Temple:   roderic_octagonal_lattice_temple

Skill      XL: |  1  2  3  4  5  6  7  8  9 |
---------------+----------------------------+-----
Armour         | 4 5 6 7 9 |  9.1
Shields        | 4 5 6 |  6.8
Fighting       | 4 5 6 7 |  7.6
Long Blades    | 3 4 5 7 9 10 | 10.9
Dodging        | 1 2 3 4 |  4.5
Stealth        | 1 2 |  2.3
Invocations    | 1 |  1.0

Action                   |  1- 3 |  4- 6 |  7- 9 | 10-12 || total
-------------------------+-------+-------+-------+-------++-------
Melee: Long sword        |    75 |   137 |   190 |       ||   402
       Headbutt          |     8 |    35 |    65 |     3 ||   111
       Falchion          |       |       |   134 |    11 ||   145
Invok: Heroism           |       |       |    10 |     1 ||    11
  Use: Scroll            |     2 |     3 |     3 |       ||     8
       Potion            |     2 |       |       |       ||     2
Armor: Scale mail        |    52 |    75 |    99 |     2 ||   228
Dodge: Dodged            |    50 |    92 |   166 |     3 ||   311
Block: Buckler           |    18 |    39 |    70 |     3 ||   130
